 Dungeon Crawl Stone Soup version 0.31.0-11-ge490571c62 (webtiles) character file.

Game seed: 15183578012720314685

51 qw the Shooter (level 3, -4/20 HPs)
             Began as a Deep Elf Hunter on Feb 3, 2024.
             Slain by Sigmund
             ... wielding a +0 scythe
              (12 damage)
             ... on level 2 of the Dungeon.
             The game lasted 00:00:03 (1209 turns).

qw the Shooter (Deep Elf Hunter)                    Turns: 1209, Time: 00:00:04

Health: -4/20      AC:  3    Str: 10    XL:     3   Next: 58%
Magic:  5/5        EV: 12    Int: 13    God:
Gold:   79         SH:  0    Dex: 18    Spells: 2/2 levels left

rFire   . . .        a - +2 shortbow
rCold   . . .        (shield currently unavailable)
rNeg    . . .        c - +0 leather armour
rPois   .            (no helmet)
rElec   .            (no cloak)
rCorr   .            (no gloves)
SInv    .            (no boots)
Will    .....        (no amulet)
Stlth   ++           (no ring)
HPRegen 0.23/turn    (no ring)
MPRegen 0.09/turn

%: no passive effects
@: no status effects
A: no striking features
a: no special abilities


You were on level 2 of the Dungeon.
You visited 1 branch of the dungeon, and saw 2 of its levels.

You collected 79 gold pieces.


   Skills:
 - Level 1.5 Fighting
 + Level 7.1 Ranged Weapons
 - Level 2.4 Dodging
 - Level 1.2 Stealth


You had 2 spell levels left.
You didn't know any spells.
Your spell library was empty.

Inventory:

Hand Weapons
 a - a +2 shortbow (weapon)
Armour
 c - a +0 leather armour (worn)
Scrolls
 b - a scroll of identify
 d - a scroll of silence {unknown}
Potions
 f - a potion of might

Dungeon Overview and Level Annotations

Branches:
Dungeon (2/15)

Altars:
Yredelemnul

Annotations:
D:2 Sigmund


Message History

1188 ||| FLEEEEING.
1189 ||| FLEEEEING.
1190 ||| FLEEEEING.
You start resting.
Sigmund is nearby!
1192 ||| FLEEEEING.
You start resting.
A frilled lizard comes into view.
1194 ||| FLEEEEING.
1195 ||| FLEEEEING.
Sigmund casts a spell.
Sigmund flickers and vanishes!
Deactivating autopickup; reactivate with Ctrl-A.
You shoot an arrow.
You hear an angry hiss.
You shoot an arrow. You shoot an arrow.
Something tries to affect you, but you resist.
You shoot an arrow. You shoot an arrow. You shoot an arrow.
The arrow closely misses the frilled lizard.
The frilled lizard bites you but does no damage.
You shoot an arrow.
The arrow barely misses the frilled lizard.
The frilled lizard barely misses you.
You shoot an arrow. The arrow hits the frilled lizard!
You kill the frilled lizard!
A magic dart appears from out of thin air!
The magic dart hits you!
You shoot an arrow. You shoot an arrow. You shoot an arrow. You shoot an arrow.
You shoot an arrow. Something hits you.
You shoot an arrow. Something hits you!
Ouch! That really hurt!
You die...

.............. ..###...#
..##.###.......### ##...#.#.# #
..##..............###......#.#.#
..##...........##..#...........#
.###.............#.%........#>##
.####..#.......#..##......@....##
..###.##.......##..##...........%
#.##..##.......#............####.
#..............#@#..........#
.........#####....%.........#
#..#####...#......##.......##
...## ###.......###..)....#
##..########..#### #.#...###
###...<..:....%. #....## #
##..####...### ...#.#
#####......### #.#...#
.......#..##


There were no monsters in sight!

Vanquished Creatures
  A dart slug (D:2)
  2 ribbon worms (D:2)
  5 bats
  7 endoplasms
  2 giant cockroaches (D:2)
  5 goblins (D:1)
  4 hobgoblins
  4 kobolds
  4 ball pythons
  3 frilled lizards (D:2)
  2 rats (D:2)
39 creatures vanquished.

Notes
Turn   | Place    | Note
-------+----------+-------------------------------------------
     0 | D:1      | qw the Deep Elf Hunter began the quest for the Orb.
     0 | D:1      | Reached XP level 1. HP: 12/12 MP: 3/3
     0 | D:1      | 0 ||| qw: Version: 0.3-a-155-g5e7d8dd
     0 | D:1      | 0 ||| qw: Game counter: 3069
     0 | D:1      | 0 ||| qw: Melee chars always use a shield: true
     0 | D:1      | 0 ||| qw: God list: Okawaru
     0 | D:1      | 0 ||| qw: Allow faded altars: false
     0 | D:1      | 0 ||| qw: Do Orc after clearing Dungeon:15 true
     0 | D:1      | 0 ||| qw: Do second Lair branch before Depths: true
     0 | D:1      | 0 ||| qw: Lair rune preference: random
     0 | D:1      | 0 ||| qw: Goals: Normal
     0 | D:1      | 0 ||| PLANNING D:1-11
   205 | D:1      | Reached XP level 2. HP: 16/16 MP: 4/4
   215 | D:1      | Reached skill level 6 in Ranged Weapons
   866 | D:1      | 866 ||| DROPPING +6 ring of intelligence.
   867 | D:1      | 867 ||| READING 2 scrolls labelled QUFIPP XOASCH.
   867 | D:1      | 867 ||| IDENTIFYING cyan potion
   868 | D:1      | 868 ||| READING scroll of identify.
   868 | D:1      | 868 ||| IDENTIFYING puce potion
   869 | D:1      | 869 ||| READING 3 scrolls labelled XIRIAC XYALUWKI.
   870 | D:1      | 870 ||| READING 2 scrolls labelled MURICY XAGAORCH.
   870 | D:1      | 870 ||| ENCHANTING +0 shortbow.
   871 | D:1      | 871 ||| READING scroll of enchant weapon.
   871 | D:1      | 871 ||| ENCHANTING +1 shortbow.
   872 | D:1      | 872 ||| DROPPING scroll of butterflies.
   873 | D:1      | 873 ||| DROPPING 2 scrolls of revelation.
   874 | D:1      | 874 ||| DROPPING potion of lignification.
   958 | D:2      | Reached XP level 3. HP: 20/20 MP: 5/5
  1089 | D:2      | Found a basalt altar of Yredelemnul.
  1095 | D:2      | Reached skill level 7 in Ranged Weapons
  1182 | D:2      | Noticed Sigmund
  1184 | D:2      | 1184 ||| FLEEEEING.
  1185 | D:2      | 1185 ||| FLEEEEING.
  1186 | D:2      | 1186 ||| FLEEEEING.
  1187 | D:2      | 1187 ||| FLEEEEING.
  1188 | D:2      | 1188 ||| FLEEEEING.
  1189 | D:2      | 1189 ||| FLEEEEING.
  1190 | D:2      | 1190 ||| FLEEEEING.
  1192 | D:2      | 1192 ||| FLEEEEING.
  1194 | D:2      | 1194 ||| FLEEEEING.
  1195 | D:2      | 1195 ||| FLEEEEING.
  1209 | D:2      | Slain by Sigmund

Levels and vault maps discovered:
D:1:      scummos_arrival_gate, layout_basic
D:2:      layout_rooms, hellmonk_ecumenical_altar_blasted, basic_altar,
          uniq_sigmund

Skill      XL: |  1  2  3 |
---------------+----------+-----
Ranged Weapons | 6 7 |  7.1
Fighting       | |  1.5
Dodging        | |  2.4
Stealth        | |  1.2

Action                     || total
---------------------------++-------
   Fire: Shortbow          ||    94
    Use: Scroll            ||     5
 Armour: Leather armour    ||    13
  Dodge: Dodged            ||    15

Table legend:
 A = Non-vault XP
 B = Vault XP
 C = Vault XP percentage of total XP
 D = Non-vault monster count
 E = Vault monster count
 F = Vault count percentage of total count
                 A         B        C        D         E       F
            +---------+---------+-------+---------+---------+-------
      Total |      74 |       0 |   0.0 |      39 |       0 |   0.0
            +---------+---------+-------+---------+---------+-------
        D:1 |      38 |       0 |   0.0 |      20 |       0 |   0.0
        D:2 |      36 |       0 |   0.0 |      19 |       0 |   0.0
            +---------+---------+-------+---------+---------+-------
